 Dungeon Crawl Stone Soup version 0.28.0-53-g5a82cb258f (webtiles) character file.

Game seed: 12443103873332362725

4886 Zeld the Transmogrifier (level 10, -5/99 HPs)
             Began as a Red Draconian Transmuter on May 21, 2022.
             Was an Initiate of Gozag.
             Slain by a killer bee (7 damage)
             ... on level 9 of the Dungeon.
             The game lasted 00:08:54 (12960 turns).

Zeld the Transmogrifier (Red Draconian Transmuter) Turns: 12960, Time: 00:08:55

Health: -5/99      AC:  7    Str: 16    XL:     10   Next: 26%
Magic:  21/21      EV: 12    Int: 16    God:    Gozag
Gold:   329        SH:  0    Dex: 12    Spells: 14/24 levels left

rFire   . . .      SeeInvis .     - Unarmed
rCold   + + +      Faith    .   (shield currently unavailable)
rNeg    + . .      Spirit   .   (armour unavailable)
rPois   +          Reflect  .   (helmet currently unavailable)
rElec   +          Harm     .   (cloak currently unavailable)
rCorr   .          Rampage  .   (gloves currently unavailable)
Will    .....                   (boots currently unavailable)
Stlth   +.........              b - amulet of magic regeneration
HPRegen 0.26/turn               t - ring of Xafid {rElec rF+ rC+ rN+ Int+2}
MPRegen 0.57/turn               (no ring)

@: mighty, ice-form, gold aura
A: freezing attack, amphibious, boosted hp, (breathe fire), AC +7, large,
unfitting armour, (fire resistance 1), (cold-blooded)
a: End Transformation, Renounce Religion, Potion Petition, Call Merchant, Bribe
Branch


You were on level 9 of the Dungeon.
You worshipped Gozag.
Gozag was aware of your devotion.
You were a creature of crystalline ice.
You visited 2 branches of the dungeon, and saw 10 of its levels.

You collected 494 gold pieces.
You paid 165 gold pieces to Gozag.

Inventory:

Hand Weapons
 q - the +3 rapier of Amortisation (melded) {drain, rElec rC+}
   (You found it on level 5 of the Dungeon)

   A truly terrible weapon, it drains the life of any living foe it strikes.
   rC:        It protects you from cold.
   rElec:     It insulates you from electricity.
Armour
 j - a +0 cloak (melded)
 s - a +0 pair of gloves (melded)
 C - a +0 pair of boots (melded)
Jewellery
 b - an amulet of magic regeneration (around neck)
 t - the ring of Xafid (left front paw) {rElec rF+ rC+ rN+ Int+2}
   (You found it on level 6 of the Dungeon)

   [ring of protection from fire]

   Int:       It affects your intelligence (+2).
   rF:        It protects you from fire.
   rC:        It protects you from cold.
   rElec:     It insulates you from electricity.
   rN:        It protects you from negative energy.
 A - a +4 ring of slaying
Wands
 k - a wand of iceblast (13)
 v - a wand of paralysis (3)
 y - a wand of polymorph (5)
 B - a wand of flame (13)
Scrolls
 c - 9 scrolls of identify {unknown}
 e - a scroll of immolation {unknown}
 f - 2 scrolls of enchant weapon {unknown}
 g - 6 scrolls of teleportation {unknown}
 m - 2 scrolls of fear {unknown}
 n - 2 scrolls of amnesia {unknown}
 r - a scroll of noise {unknown}
 w - a scroll of enchant armour {unknown}
 x - a scroll of vulnerability {unknown}
Potions
 a - 2 potions of might
 d - a potion of degeneration {unknown}
 h - a potion of mutation {unknown}
 i - a potion of invisibility {unknown}
 l - 3 potions of brilliance {unknown}
 o - 3 potions of attraction {unknown}
 p - 2 potions of flight {unknown}
 u - a potion of heal wounds {unknown}
 z - a potion of curing {unknown}


   Skills:
 + Level 6.2 Fighting
 * Level 7.5 Dodging
 - Level 3.0 Unarmed Combat
 * Level 7.5 Spellcasting
 * Level 8.1 Transmutations
 - Level 1.5 Ice Magic
 - Level 2.0 Poison Magic


You had 14 spell levels left.
You knew the following spells:

 Your Spells              Type           Power      Damage    Failure   Level
a - Beastly Appendage     Tmut           64%        N/A       1%          1
b - Wereblood             Tmut           32%        N/A       1%          2
c - Spider Form           Tmut/Pois      22%        N/A       4%          3
d - Ice Form              Ice/Tmut       21%        N/A       16%         4

Your spell library contained the following spells:

 Spells                   Type           Power      Damage    Failure   Level
 Magic Dart               Conj           24%        1d4       12%         1
 Pain                     Necr           24%        1d5       12%         1
 Ensorcelled Hibernation  Hex/Ice        16%        N/A       13%         2
 Call Imp                 Summ           6%         N/A       19%         2
 Scorch                   Fire           12%        2d6       19%         2
 Mephitic Cloud           Conj/Pois/Air  8%         N/A       26%         3
 Anguish                  Hex/Necr       3%         N/A       75%         4
 Flame Wave               Conj/Fire      6%         2d5       75%         4
 Agony                    Necr           6%         N/A       97%         5
 Excruciating Wounds      Necr           3%         N/A       97%         5
 Summon Cactus Giant      Summ           3%         N/A       100%        6


Dungeon Overview and Level Annotations

Branches:
Dungeon (9/15)             Temple (1/1) D:7
   Lair: D:8-11         Orc: D:9-12

Altars:
Ashenzari
Cheibriados
Dithmenos
Elyvilon
Fedhas
Gozag
Hepliaklqana
Kikubaaqudgha
Makhleb
Nemelex Xobeh
Okawaru
Qazlal
Ru
Sif Muna
Trog
Uskayaw
Vehumet
Wu Jian
Xom
Yredelemnul
Zin
The Shining One

Annotations:
D:6 2 transporters, Zeld's ghost, novice DECj
D:7 2 transporters


Innate Abilities, Weirdness & Mutations

You are a creature of crystalline ice.
You have a powerful freezing melee attack.
You are amphibious.
Your maximum health is increased.
Your armour is entirely melded.
You are incapable of wielding weapons or throwing items.
((You can breathe blasts of fire.))
((Your fiery red scales are hard. (AC +7)))
You cannot fit into any form of body armour.
((Your flesh is heat resistant. (rF+)))
((You are cold-blooded and may be slowed by cold attacks.))


Message History

* * * LOW HITPOINT WARNING * * *
The killer bee completely misses you. The killer bee closely misses you.
Unknown command.
You barely miss the killer bee.
The killer bee is severely wounded.
The killer bee is distracted by your dazzling golden aura.
The killer bee stings you but does no damage. x2
The killer bee barely misses you. x2
Unknown command.
Unknown command.
The killer bee buzzes angrily.
You hit the killer bee. You freeze the killer bee.
The killer bee is almost dead.
The killer bee is no longer distracted by gold.
The killer bee barely misses you. x2; The killer bee stings you!
* * * LOW HITPOINT WARNING * * *
The killer bee misses you.
Unknown command.
You barely miss the killer bee.
The killer bee is almost dead.
The killer bee closely misses you.
The killer bee stings you but does no damage.
The killer bee stings you.
* * * LOW HITPOINT WARNING * * *
The killer bee stings you.
* * * LOW HITPOINT WARNING * * *
Unknown command.
You punch the killer bee! You freeze the killer bee.
You kill the killer bee!
The killer bee stings you.
* * * LOW HITPOINT WARNING * * *
Unknown command.
Unknown command.
Okay, then.
Okay, then.
It was a potion of might.
You feel very mighty all of a sudden. The killer bee stings you!
You die...
Your body crumbles into a pile of gold.

....####.####...######
....# ##..## #....#
....# #....# ###....#
....###....# ......#
....##.....#.###.....#
...........#.#..#....#
##..########.#..#)$..#
.#...........#.##)$..#
.#.....#######.#Y....# .
.#.......####..yy..###..
.#.............#####....
.#).............y.......
.#..............y.......
.#######................
.# #....########...# .#
#....#......# ..# .#
###..'......#...#


You could see 2 killer bees.

Vanquished Creatures
  A two-headed ogre (D:8)
  Pikel (D:6)
  An ugly thing (D:6)
  Joseph (D:7)
  A hornet (D:6)
  A steam dragon (D:6)
  Duvessa (D:4)
  2 water moccasins (D:6)
  An ice beast (D:7)
  A sky beast (D:7)
  2 orc warriors
  A hornet zombie (D:5)
  2 necrophages
  3 ogres
  2 centaurs
  2 lemures (D:6)
  A kobold brigand (D:8)
  2 bullfrogs (D:8)
  3 scorpions
  Dowan (D:4)
  A water moccasin skeleton (D:6)
  2 wights (D:6)
  2 killer bees (D:9)
  2 howler monkeys (D:7)
  3 hounds
  2 jellies
  A centaur zombie (D:5)
  3 centaur skeletons
  2 orc priests (D:8)
  3 iguanas
  7 orc wizards
  2 hound skeletons
  4 gnolls
  3 adders
  A shadow imp (D:5)
  3 white imps
  An ufetubus (D:7)
  A worm (D:3)
  A dart slug (D:1)
  20 orcs
  6 endoplasms
  9 giant cockroaches
  3 goblins
  6 hobgoblins
  8 quokkas
  2 ball pythons
  6 frilled lizards
  4 kobolds
  4 rats
142 creatures vanquished.

Vanquished Creatures (others)
  4 plants (D:1)
4 creatures vanquished.

Grand Total: 146 creatures vanquished

Notes
Turn   | Place    | Note
-------+----------+-------------------------------------------
     0 | D:1      | Zeld the Draconian Transmuter began the quest for the Orb.
     0 | D:1      | Reached XP level 1. HP: 16/16 MP: 3/3
   234 | D:1      | Found a faded altar of an unknown god.
   525 | D:1      | Reached XP level 2. HP: 21/23 MP: 5/5
   586 | D:1      | Learned a level 2 spell: Wereblood
  1868 | D:3      | Reached XP level 3. HP: 25/28 MP: 6/6
  1872 | D:3      | Learned a level 3 spell: Spider Form
  2196 | D:3      | Reached XP level 4. HP: 32/36 MP: 2/7
  2201 | D:3      | Reached skill level 1 in Poison Magic
  2205 | D:3      | Reached skill level 1 in Ice Magic
  2785 | D:4      | Reached skill level 3 in Transmutations
  2785 | D:4      | Reached XP level 5. HP: 21/41 MP: 9/9
  2965 | D:4      | Noticed an ogre
  2991 | D:4      | Killed an ogre
  2998 | D:4      | Learned a level 4 spell: Ice Form
  3324 | D:4      | Reached XP level 6. HP: 42/49 MP: 10/10
  4354 | D:5      | Entered Level 5 of the Dungeon
  4587 | D:5      | Your scales start taking on a fiery red colour.
  4587 | D:5      | Reduced skill Ice Magic to level 1
  4587 | D:5      | Reached XP level 7. HP: 43/56 MP: 12/12
  4587 | D:5      | Gained mutation: Your flesh is heat resistant. (rF+) [Red
                  | Draconian growth]
  4842 | D:4      | Reached skill level 4 in Transmutations
  5356 | D:5      | Noticed Dowan
  5357 | D:5      | Noticed Duvessa
  5407 | D:4      | Killed Duvessa
  5602 | D:4      | Killed Dowan
  5692 | D:5      | Identified the +3 rapier of Amortisation {drain, rElec rC+}
  6386 | D:6      | Noticed Pikel
  6400 | D:6      | Killed Pikel
  6401 | D:6      | Reached skill level 5 in Dodging
  6401 | D:6      | Reached skill level 5 in Spellcasting
  6401 | D:6      | Reached skill level 5 in Transmutations
  6401 | D:6      | Reached XP level 8. HP: 23/66 MP: 13/15
  7276 | D:6      | Reached skill level 6 in Transmutations
  7463 | D:6      | Identified the ring of Xafid {rElec rF+ rC+ rN+ Int+2}
  7836 | D:6      | Noticed a brown ugly thing
  8169 | D:6      | Reached XP level 9. HP: 72/72 MP: 15/17
  8402 | D:6      | Reached skill level 5 in Fighting
  8909 | D:6      | Found a transporter.
  8909 | D:6      | Noticed Zeld's ghost (novice DECj)
  8919 | D:6      | Killed a purple ugly thing
  8923 | D:6      | Noticed a two-headed ogre
  8961 | D:6      | Found a transporter.
  9355 | D:7      | Noticed Joseph
  9811 | D:7      | Killed Joseph
  9812 | D:7      | Reached skill level 7 in Transmutations
  9915 | D:7      | Found a staircase to the Ecumenical Temple.
  9931 | Temple   | Entered the Ecumenical Temple
 10146 | D:7      | Found a transporter.
 10642 | D:7      | Found a transporter.
 11083 | D:8      | Noticed a two-headed ogre
 11854 | D:8      | Reached XP level 10. HP: 61/83 MP: 16/20
 12383 | D:8      | Killed a two-headed ogre
 12384 | D:8      | Reached skill level 8 in Transmutations
 12456 | D:8      | Found a burning altar of Makhleb.
 12485 | D:8      | Found an opulent altar of Gozag.
 12496 | D:8      | Became a worshipper of Gozag Ym Sagoz the Greedy
 12959 | D:9      | HP: 1/99 [killer bee (5)]
 12960 | D:9      | Slain by a killer bee

Illustrated notes

Levels and vault maps discovered:
D:1:      zelgadis_glass_arrival_small, layout_loops_cross,
          shapermc_ecumenical_altar_ellora
D:2:      layout_basic, glass_columns_b
D:3:      layout_loops_ring, roderic_roman_lattice, cheibrodos_gnoll_hut
D:4:      layout_cave_pods
D:5:      layout_gridville, uniq_duvessa
D:6:      minmay_spotlight, layout_basic, gammafunk_ghost_smash, uniq_pikel
D:7:      gammafunk_cloud_chamber, layout_loops_corners,
          minmay_temple_entry_ruins, uniq_joseph
D:8:      layout_basic, mainiacjoe_overflow_two_lobes
D:9:      layout_irregular_city, erik_orc_1, serial_co_window_serial,
          co_window_cross_1, co_window_cross_1, co_window_corner_a,
          co_window_paths_b, co_window_corner_a, co_window_paths_a,
          co_window_paths_c, co_window_2corner, co_window_corner_ca,
          co_window_2corner, glass_columns_c, glass_columns_b,
          serial_bayou_pond_e
Temple:   regret_index_temple_chain_breaker

Skill      XL: |  1  2  3  4  5  6  7  8  9 10 |
---------------+-------------------------------+-----
Dodging        | 2 3 5 7 |  7.5
Fighting       | 2 4 5 6 |  6.2
Poison Magic   | 1 2 |  2.0
Ice Magic      | 1 1 |  1.5
Transmutations | 3 5 6 7 8 |  8.1
Spellcasting   | 3 5 7 |  7.5
Unarmed Combat | |  3.0

Action                   |  1- 3 |  4- 6 |  7- 9 | 10-12 || total
-------------------------+-------+-------+-------+-------++-------
Melee: Unarmed           |    91 |   101 |   208 |    54 ||   454
       Tailslap          |     8 |     3 |    11 |       ||    22
       Kick              |    14 |     8 |     1 |       ||    23
       Headbutt          |     6 |     4 |       |       ||    10
       Punch             |       |     2 |     3 |       ||     5
       Rapier            |       |       |    53 |       ||    53
 Cast: Beastly Appendage |    24 |    10 |     1 |       ||    35
       Spider Form       |     1 |    11 |    10 |     1 ||    23
       Ice Form          |       |       |    24 |     5 ||    29
 Abil: Breathe Fire      |       |       |     6 |     1 ||     7
Evoke: Wand              |       |       |       |     2 ||     2
  Use: Potion            |       |       |       |     1 ||     1
 Stab: Paralysed         |       |       |       |     7 ||     7
Armor: Skin              |    19 |    22 |    81 |    28 ||   150
Dodge: Dodged            |    58 |    98 |   196 |    49 ||   401
